 Dungeon Crawl Stone Soup version 0.24.0-13-gcf9b319 (webtiles) character file.

Game seed: 17437977468538760585, levelgen mode: deterministic

10900 Fang the Cleaver (level 11, -3/73 HPs)
             Began as a Gargoyle Berserker on Nov 18, 2019.
             Was a High Priest of Trog.
             Slain by a cyclops (15 damage)
             ... on level 11 of the Dungeon.
             The game lasted 00:09:40 (11350 turns).

Fang the Cleaver (Gargoyle Berserker)              Turns: 11350, Time: 00:09:41

Health: -3/73      AC: 22    Str: 24    XL:     11   Next: 69%
Magic:  11/11      EV: 10    Int: 13    God:    Trog [*****.]
Gold:   757        SH:  4    Dex:  9    Spells: 10/10 levels left

rFire    . . .     SeeInvis .   a - +0 war axe
rCold    . . .     Gourm    .   (no shield)
rNeg     + . .     Faith    .   b - +0 plate armour
rPois    ∞         Spirit   .   (no helmet)
rElec    +         Reflect  +   (no cloak)
rCorr    +         Harm     .   (no gloves)
MR       +++..                  (no boots)
Stlth    ..........             A - +4 amulet of reflection
HPRegen  1.22/turn              f - ring of protection from magic
MPRegen  0.12/turn              w - ring of resist corrosion

@: brilliant, berserk cooldown, regenerating, slowed, studying Axes, very slow
A: negative energy resistance 1, electricity resistance, unbreathing,
petrification resistance, rot immunity, AC +8
a: Berserk, Trog's Hand, Brothers in Arms, Renounce Religion


You were on level 11 of the Dungeon.
You worshipped Trog.
Trog was extremely pleased with you.
You were very hungry.

You visited 2 branches of the dungeon, and saw 12 of its levels.

You collected 757 gold pieces.

Inventory:

Hand Weapons
 a - a +0 war axe (weapon)
Armour
 b - a +0 plate armour (worn)
Jewellery
 f - a ring of protection from magic (left hand)
 w - a ring of resist corrosion (right hand)
 A - a +4 amulet of reflection (around neck)
 G - an uncursed amulet of faith {unknown}
Wands
 l - a wand of digging (3)
 t - a wand of disintegration (20)
 E - a wand of flame (19)
 I - a wand of paralysis (7)
Scrolls
 d - 14 scrolls of remove curse {unknown}
 g - 5 scrolls of teleportation {unknown}
 i - 3 scrolls of fear {unknown}
 k - 7 scrolls of identify {unknown}
 m - 2 scrolls of random uselessness {unknown}
 n - 2 scrolls of amnesia {unknown}
 q - 3 scrolls of fog {unknown}
 r - 2 scrolls of enchant weapon {unknown}
 u - a scroll of blinking {unknown}
 x - 2 scrolls of summoning {unknown}
 y - a scroll of immolation {unknown}
Potions
 e - 2 potions of might {unknown}
 h - 4 potions of curing
 j - 2 potions of heal wounds {unknown}
 o - a potion of lignification {unknown}
 p - 2 potions of brilliance
 s - a potion of mutation {unknown}
 v - 2 potions of cancellation {unknown}
 z - 3 potions of agility
 B - 2 potions of resistance
 D - a potion of berserk rage {unknown}
 F - a potion of magic {unknown}
 H - a potion of degeneration {unknown}
Books
 C - a manual of Axes
Comestibles
 c - 14 rations


   Skills:
 + Level 10.4 Fighting
 + Level 10.7 Axes
 + Level 10.2 Armour
 + Level 7.9 Dodging


You had 10 spell levels left.
You didn't know any spells.
Your spell library was empty.

Dungeon Overview and Level Annotations

Branches:
Dungeon (11/15)            Temple (1/1) D:6
   Lair: D:8-11         Orc: D:9-12

Altars:
Cheibriados
Dithmenos
Elyvilon
Gozag
Hepliaklqana
Kikubaaqudgha
Vehumet
Wu Jian
Yredelemnul


Innate Abilities, Weirdness & Mutations

You are resistant to torment.
Your stone body is resilient. (AC +8)
You are immune to poison.
You resist negative energy. (rN+)
You are resistant to electric shocks. (rElec)
You can survive without breathing.
You are immune to petrification.
You are immune to rotting.


Message History

You hit the cyclops but do no damage.
The cyclops is almost dead.
The cyclops closely misses you.
You hit the cyclops.
The cyclops is almost dead.
The scorpion barely misses you.
The cyclops hits you but does no damage.
Your skin crawls.
You feel resistant to hostile enchantments.
You are feeling very hungry.
You block the scorpion's attack. The cyclops closely misses you.
The scorpion barely misses you.
It was a potion of brilliance.
You feel clever all of a sudden. The cyclops barely misses you.
The scorpion completely misses you.
All of the chunks of flesh in your inventory have rotted away.
It was a potion of curing.
You feel better.
The scorpion stings you but does no damage.
The cyclops hits you!
You die...

... .......... .####
.......... # ...#
#......... .
#.####......... .###
#####.^##..........
...###..................
....##.#####....C..!....
.#.....##....(..@s......
.#.....##.##.#..........
(..###.##. #.##...?.....
.#..##.... ...........$.
#.........##..########.#
..#...###.##.. . .####.#
.####. ..###.# #.#
...##.##.>#


You could see a cyclops and a scorpion.

Vanquished Creatures
  Erica (D:10)
  A two-headed ogre (D:10)
  Urug (D:10)
  The ghost of Nazgul the Fighter, a novice MiFi of Okawaru (D:7)
  An orc knight (D:10)
  An ugly thing (D:11)
  A cyclops (D:11)
  A centaur skeleton (D:11)
  A troll (D:8)
  3 hippogriffs
  A spriggan (D:7)
  3 wyverns
  4 yaks (D:11)
  A hungry ghost (D:9)
  A water moccasin (D:10)
  5 orc warriors
  3 porcupines (D:11)
  3 phantoms
  3 sky beasts
  2 black bears
  2 ogres (D:7)
  2 centaurs
  A crocodile (D:11)
  11 bullfrogs
  A gnoll sergeant (D:8)
  4 scorpions
  14 wights
  5 howler monkeys
  3 crimson imps
  A quasit (D:11)
  A jelly (D:5)
  13 orc priests
  A hound (D:5)
  A bullfrog skeleton (D:4)
  5 orc wizards
  Crazy Yiuf (D:3)
  Jessica (D:3)
  A gnoll shaman (D:6)
  Natasha (twice) (D:3)
  3 iguanas
  6 worker ants
  8 gnolls
  12 adders
  A shadow imp (D:8)
  An ooze (D:2)
  2 adder skeletons
  2 adder zombies
  A worm (D:5)
  4 leopard geckos
  44 orcs
  5 bats
  7 giant cockroaches
  4 goblins
  11 hobgoblins
  12 jackals
  6 kobolds
  5 quokkas
  2 ball pythons
  5 frilled lizards
  A leopard gecko skeleton (D:5)
  A quokka skeleton (D:10)
  11 rats
262 creatures vanquished.

Vanquished Creatures (others)
  A fungus (D:11)
1 creature vanquished.

Grand Total: 263 creatures vanquished

Notes
Turn   | Place    | Note
-------+----------+-------------------------------------------
     0 | D:1      | Fang the Gargoyle Berserker began the quest for the Orb.
     0 | D:1      | Reached XP level 1. HP: 14/14 MP: 1/1
   342 | D:1      | Reached XP level 2. HP: 19/19 MP: 2/2
   912 | D:2      | Found a basalt altar of Yredelemnul.
   912 | D:2      | Found an ornate altar of the Wu Jian Council.
  1115 | D:2      | Reached XP level 3. HP: 23/23 MP: 3/3
  1550 | D:3      | Reached ** piety under Trog
  1576 | D:3      | Noticed Jessica
  1592 | D:3      | Killed Jessica
  1592 | D:3      | Reached XP level 4. HP: 22/29 MP: 4/4
  2171 | D:3      | Found a faded altar of an unknown god.
  2216 | D:3      | Noticed Natasha
  2219 | D:3      | Killed Natasha
  2219 | D:3      | Reached XP level 5. HP: 25/33 MP: 5/5
  2231 | D:3      | Found a runed translucent door.
  2232 | D:3      | Noticed Crazy Yiuf
  2299 | D:3      | Noticed Natasha
  2309 | D:3      | Killed Natasha
  2642 | D:3      | Killed Crazy Yiuf
  2782 | D:4      | Reached XP level 6. HP: 28/39 MP: 6/6
  2799 | D:4      | Reached *** piety under Trog
  2824 | D:4      | Noticed a phantom
  2854 | D:4      | Reached skill level 5 in Fighting
  2868 | D:4      | Killed a phantom
  2868 | D:4      | Reached XP level 7. HP: 33/44 MP: 7/7
  3447 | D:5      | Entered Level 5 of the Dungeon
  3665 | D:5      | Reached skill level 5 in Armour
  4027 | D:6      | Reached XP level 8. HP: 26/51 MP: 8/8
  4301 | D:6      | Reached skill level 5 in Axes
  4307 | D:6      | Reached **** piety under Trog
  4742 | D:6      | Found a staircase to the Ecumenical Temple.
  4752 | Temple   | Entered the Ecumenical Temple
  4942 | D:7      | Found a snail-covered altar of Cheibriados.
  4998 | D:7      | Found a large runed translucent door.
  4998 | D:7      | Found a large runed translucent door.
  5011 | D:7      | Noticed Nazgul's ghost (novice MiFi)
  5247 | D:7      | Noticed a spriggan baker
  5266 | D:7      | Killed a spriggan baker
  5363 | D:7      | Reached XP level 9. HP: 24/56 MP: 9/9
  5867 | D:7      | Killed Nazgul's ghost
  5867 | D:7      | Reached skill level 5 in Dodging
  6088 | D:8      | Noticed a troll
  6107 | D:8      | Killed a troll
  6999 | D:8      | Reached XP level 10. HP: 59/64 MP: 10/10
  7656 | D:9      | Paralysed by fainting for 12 turns
  7779 | D:9      | Found a hazy altar of Hepliaklqana.
  7861 | D:9      | Found a white marble altar of Elyvilon.
  8609 | D:10     | Entered Level 10 of the Dungeon
  8621 | D:10     | Noticed Erica
  8635 | D:10     | Killed Erica
  9271 | D:10     | Noticed Urug
  9284 | D:10     | Killed Urug
  9317 | D:10     | Reached XP level 11. HP: 28/71 MP: 11/11
  9425 | D:10     | Noticed a two-headed ogre
  9434 | D:10     | Killed a two-headed ogre
 10015 | D:10     | Noticed an orc knight
 10030 | D:10     | Killed an orc knight
 10030 | D:10     | Reached skill level 10 in Axes
 10717 | D:11     | Reached ***** piety under Trog
 10727 | D:11     | Reached skill level 10 in Fighting
 10802 | D:11     | Noticed a cyclops
 11006 | D:11     | Reached skill level 10 in Armour
 11014 | D:11     | Killed a cyclops
 11323 | D:11     | Noticed a purple ugly thing
 11326 | D:11     | Noticed a cyclops
 11336 | D:11     | Killed a purple ugly thing
 11345 | D:11     | HP: 1/73 [cyclops (23)]
 11350 | D:11     | Slain by a cyclops

Levels and vault maps discovered:
D:1:      giann_horns, layout_basic, item_on_display_a
D:2:      layout_loops_cross, grunt_temple_overflow_open
D:3:      layout_loops_ring, portal_sewer_entry_e,
          chequers_ecumenical_altar_grove, uniq_jessica,
          uniq_crazy_yiuf_cottage, uniq_natasha
D:4:      layout_cave_pools
D:5:      layout_cave_pools, first_ration
D:6:      layout_loops_ring, temple_hall_moat
D:7:      layout_cave_pools, ebering_ghost_disaster_area, grunt_ministairs_4,
          the_bakery, cheibriados_altar_1
D:8:      layout_layer_cave, minivault_1, minmay_manual_monolith
D:9:      layout_irregular_city, marbit_many_paths,
          nicolae_overflow_hidden_temple
D:10:     cheibrodos_orc_bank, layout_stronghold, uniq_urug, uniq_erica
D:11:     layout_rooms, grunt_lair_entry_orc_guard_hut, david_orc_4
Temple:   hc_temple_tempest_star

Skill      XL: |  1  2  3  4  5  6  7  8  9 10 11 |
---------------+----------------------------------+-----
Axes           | 3 4 5 7 9 10 | 10.7
Dodging        | 2 3 4 5 7 |  7.9
Armour         | 3 4 5 6 7 9 10 | 10.2
Fighting       | 4 5 6 8 9 10 | 10.4

Action                   |  1- 3 |  4- 6 |  7- 9 | 10-12 || total
-------------------------+-------+-------+-------+-------++-------
Melee: Hand axe          |   110 |   131 |       |       ||   241
       War axe           |       |    66 |   377 |   446 ||   889
Invok: Trog's Hand       |     1 |     1 |     1 |     2 ||     5
       Berserk           |       |     2 |    10 |     7 ||    19
  Use: Potion            |       |       |       |     2 ||     2
  Eat: Chunk             |     2 |     7 |    14 |    18 ||    41
       Ration            |       |       |     3 |     2 ||     5
Armor: Animal skin       |    47 |    78 |    66 |       ||   191
       Plate armour      |       |       |   154 |   372 ||   526
       Chain mail        |       |       |     5 |       ||     5
Dodge: Dodged            |    84 |   145 |   269 |   190 ||   688
Block: Other             |       |       |       |    34 ||    34
